 Dungeon Crawl Stone Soup version 0.26.0-15-gc6cd9f7 (webtiles) character file.

Game seed: 13555252847944859144

32 PublicAnimeNo1 the Digger (level 2, -2/23 HPs)
             Began as a Demigod Earth Elementalist on Jan 22, 2021.
             Slain by an adder (4 damage)
             ... on level 2 of the Dungeon.
             The game lasted 00:02:15 (1591 turns).

PublicAnimeNo1 the Digger (DgEE)                    Turns: 1591, Time: 00:02:16

Health: -2/23      AC:  2    Str: 11    XL:     2   Next: 93%
Magic:  7/7        EV: 12    Int: 19    God:
Gold:   45         SH:  0    Dex: 16    Spells: 1/4 levels left

rFire    . . .     SeeInvis .   d - +1 dagger
rCold    . . .     Faith    .   (no shield)
rNeg     . . .     Spirit   .   c - +0 robe
rPois    .         Reflect  .   (no helmet)
rElec    .         Harm     .   (no cloak)
rCorr    .         Rampage  .   (no gloves)
Will     .....                  (no boots)
Stlth    ++........             (no amulet)
HPRegen  0.07/turn              (no ring)
MPRegen  0.10/turn              (no ring)

@: no status effects
A: high mp 1
a: no special abilities


You were on level 2 of the Dungeon.
You visited 1 branch of the dungeon, and saw 2 of its levels.

You collected 45 gold pieces.

Inventory:

Hand Weapons
 d - a +1 dagger (weapon)
Missiles
 b - 64 stones
Armour
 c - a +0 robe (worn)
Scrolls
 i - a scroll of enchant armour {unknown}
Potions
 f - a potion of brilliance {unknown}
 g - a potion of heal wounds {unknown}


   Skills:
 + Level 1.1 Fighting
 - Level 1.7 Dodging
 - Level 1.7 Stealth
 - Level 1.7 Spellcasting
 - Level 0.8 Transmutations
 * Level 3.5 Earth Magic


You had one spell level left.
You knew the following spells:

 Your Spells              Type           Power        Failure   Level
a - Sandblast             Erth           30%          4%          1
b - Passwall              Tmut/Erth      8%           11%         2

Your spell library contained the following spells:

 Spells                   Type           Power        Failure   Level
 Stone Arrow              Conj/Erth      16%          26%         3
 Petrify                  Tmut/Erth      10%          56%         4
 Lee's Rapid Deconstruct  Erth           7%           73%         5


Dungeon Overview and Level Annotations

Branches:
Dungeon (2/15)


Innate Abilities, Weirdness & Mutations

You have an increased reservoir of magic. (+10% MP)


Message History

The orc wizard is moderately wounded.
The orc warrior shouts!
The orc priest shouts!
The orc shouts!
The orc wizard casts a spell at you.
You are confused.
The orc priest calls down the wrath of Beogh upon you.
Beogh smites you!
Ouch! That really hurt!
It was a potion of curing.
You feel better. The orc wizard barely misses you.
The orc priest invokes the aid of Beogh against you.
Beogh smites you!
Ouch! That really hurt!
* * * LOW HITPOINT WARNING * * *
As you read the scroll labelled SERROE MOCOG, it crumbles to dust.
You feel blessed for a moment.
It was a scroll of remove curse.
The adder hisses angrily.
The orc hits you but does no damage. The orc wizard barely misses you.
As you read the scroll labelled CUPILI SOCUONA, it crumbles to dust.
It is a scroll of enchant weapon.
Your +0 dagger glows red for a moment.
The adder bites you.
You die...

..<##. # $...##
. .. ##..... [.
##. .....## ...
....#.....#....
...............
......Soo.o....
......!@o......
............#..
..............#
......#######..
...... . ....#.
#...# #.#


You could see an orc warrior, an orc priest, an orc wizard, an adder and an orc.

Vanquished Creatures
  A dart slug (D:1)
  2 giant cockroaches (D:1)
  4 goblins (D:1)
  7 hobgoblins (D:1)
  8 kobolds (D:1)
  2 bats (D:1)
  3 rats (D:1)
27 creatures vanquished.

Notes
Turn   | Place    | Note
-------+----------+-------------------------------------------
     0 | D:1      | PublicAnimeNo1 the Demigod Earth Elementalist began the
                  | quest for the Orb.
     0 | D:1      | Reached XP level 1. HP: 14/14 MP: 5/5
    91 | D:1      | Reached skill level 3 in Earth Magic
   490 | D:1      | Reached XP level 2. HP: 22/22 MP: 7/7
   493 | D:1      | Learned a level 2 spell: Passwall
   826 | D:1      | Reached skill level 1 in Fighting
  1587 | D:2      | Noticed an orc warrior
  1591 | D:2      | Slain by an adder

Illustrated notes

Levels and vault maps discovered:
D:1:      elethiomel_arrival_shortcut, layout_basic, serial_park_tiny_pond
D:2:      lemuel_upstairs_altar, layout_rooms

Skill      XL: |  1  2 |
---------------+-------+-----
Earth Magic    | 3 |  3.5
Fighting       | 1 |  1.1
Dodging        | |  1.7
Stealth        | |  1.7
Spellcasting   | |  1.7
Transmutations | |  0.8

Action                   || total
-------------------------++-------
Melee: Dagger            ||    73
 Cast: Sandblast         ||    20
  Use: Scroll            ||     2
       Potion            ||     1
 Stab: Sleeping          ||     4
Armor: Robe              ||    13
Dodge: Dodged            ||    50
